 Dungeon Crawl Stone Soup version 0.31.0-32-g396128a36d (webtiles) character file.

Game seed: 13134108737568560767

125 spaghetti the Trooper (level 5, 0/78 HPs)
             Began as a Naga Chaos Knight on Mar 14, 2024.
             Was a Plaything of Xom.
             Succumbed to a chaos spawn's poison
             ... on level 4 of the Dungeon.
             The game lasted 00:02:40 (1736 turns).

spaghetti the Trooper (Naga Chaos Knight)           Turns: 1736, Time: 00:02:41

Health: 0/78       AC:  6    Str: 14      XL:     5   Next: 9%
Magic:  1/5        EV:  9    Int: 15      God:    Xom [....*.]
Gold:   150        SH:  0    Dex:  9 (10) Spells: 1/4 levels left

rFire   + . .        a - +0 spear (chaos)
rCold   + + .        (no shield)
rNeg    . . .        b - +2 leather armour
rPois   +            (no helmet)
rElec   +            (no cloak)
rCorr   +            g - +0 pair of gloves
SInv    +            (no barding)
Will    .....        l - amulet of guardian spirit Stlth
                     i - ring of protection from cold
HPRegen 0.33/turn    (no ring)
MPRegen 0.09/turn

%: guardian spirit
@: berserking, lethally poisoned (0 -> -8), resistant, invisible, quick
A: AC +1, large, see invisible, deformed body, poison resistance, slowness 2,
spit poison 1, naga tail 1
a: Spit Poison, Renounce Religion


You were on level 4 of the Dungeon.
You worshipped Xom.
You were a beloved toy of Xom.
You visited 1 branch of the dungeon, and saw 4 of its levels.

You collected 150 gold pieces.

Inventory:

Hand Weapons
 a - a +0 spear of chaos (weapon)
Armour
 b - a +2 leather armour (worn)
 g - a +0 pair of gloves (worn)
Jewellery
 i - a ring of protection from cold (left hand)
 l - an amulet of guardian spirit (around neck)
Wands
 n - a wand of roots (11)
Scrolls
 c - 2 scrolls of butterflies
 h - 3 scrolls of teleportation
 k - a scroll of identify {unknown}
 o - 3 scrolls of fog
Potions
 d - a potion of invisibility
 e - a potion of cancellation {unknown}


   Skills:
 - Level 5.0 Fighting
 - Level 3.0 Polearms
 - Level 1.5 Armour
 - Level 0.7 Dodging
 + Level 1.1 Summonings
 * Level 1.7 Ice Magic


You had one spell level left.
You knew the following spells:

 Your Spells              Type           Power      Damage    Failure   Level
a - Summon Ice Beast      Ice/Summ       4%         N/A       50%         3

Your spell library contained the following spells:

 Spells                   Type           Power      Damage    Failure   Level
 Apportation              Tloc           0%         N/A       32%         1
 Jinxbite                 Hex            0%         N/A       45%         2
 Hailstorm                Conj/Ice       2%         3d5       56%         3
 Alistair's Intoxication  Alch           0%         N/A       100%        5
 Sculpt Simulacrum        Ice/Alch       1%         N/A       100%        6


Dungeon Overview and Level Annotations

Branches:
Dungeon (4/15)
 Temple: D:4-7

Altars:
Gozag
Yredelemnul


Innate Abilities, Weirdness & Mutations

Your serpentine skin is tough. (AC +1)
You have supernaturally acute eyesight. (SInv)
Armour fits poorly on your strangely shaped body.
Your system is resistant to poisons. (rPois)
You cover ground very slowly.
You can spit poison.
You have a snake-like lower body.


Message History

Your ice beast misses the quasit.
The crimson imp hits you but does no damage.
The orc closely misses your ice beast.
Your ice beast hits the phantom.
Your ice beast freezes the phantom.
The phantom resists.
The chaos spawn closely misses you. The orc closely misses your ice beast.
The quasit bites your ice beast.
Your ice beast dies!
Your ice beast disappears in a puff of smoke!
The chaos spawn tail-slaps you!
You are engulfed in flames!
It was a potion of resistance.
You feel protected. The chaos spawn releases spores at you.
* * * LOW HITPOINT WARNING * * *
The chaos spawn shocks you. You resist.
* * * LOW HITPOINT WARNING * * *
It was a potion of curing.
You feel better. The chaos spawn pecks you!
* * * LOW HITPOINT WARNING * * *
You are lethally poisoned!
The chaos spawn poisons you!
It was a potion of berserk rage.
A red film seems to cover your vision as you go berserk!
You feel yourself moving faster!
You feel mighty!
* * * LOW HITPOINT WARNING * * *
You feel very sick.
The chaos spawn kicks you but does no damage.
You are too berserk!
Okay, then.
You closely miss the chaos spawn.
* * * LOW HITPOINT WARNING * * *
You feel sick.
The crimson imp looks more healthy.
The chaos spawn closely misses you.
You hit the chaos spawn.
The chaos spawn blinks!
The chaos spawn is lightly wounded.
* * * LOW HITPOINT WARNING * * *
You feel sick.
The chaos spawn tail-slaps you but does no damage.
You barely miss the chaos spawn.
The chaos spawn is lightly wounded.
You die...
Xom is highly amused!

#.##.....%#
#.......
#.##.##.#.#
#..####.
#.......#.# #....#
####...##.# ##.#.#
########.#.##.#
#.#.##.
#..o§5..o.....#####
#.))...
#.###.#.#..##.....#
###)### ...
#.#.#.W##.....# #.#
.Y...
#.#..554@.....# #.#
......
#.###..##.....# #.#
o##### #.# #..#
.....# #.# #......#
###### #.# ###.####
##########.# #.
#.......##.# . #
#.#####.##.# #
.###.#####.##.#
....##.......#


You could see a chaos spawn (summoned, unable to see you), a phantom (unable to
see you), a quasit (summoned, unable to see you), a crimson imp (summoned,
unable to see you) and an orc (unable to see you).

Vanquished Creatures
  A bombardier beetle (D:4)
  3 adders (D:3)
  2 dart slugs
  4 orcs
  3 endoplasms (D:3)
  3 goblins
  4 hobgoblins
  2 jackals (D:2)
  2 quokkas (D:3)
  7 ball pythons
  5 bats
  2 frilled lizards
  13 kobolds
  6 rats
57 creatures vanquished.

Vanquished Creatures (others)
  A kobold zombie (D:4)
1 creature vanquished.

Grand Total: 58 creatures vanquished

Notes
Turn   | Place    | Note
-------+----------+-------------------------------------------
     0 | D:1      | spaghetti the Naga Chaos Knight began the quest for the
                  | Orb.
     0 | D:1      | Reached XP level 1. HP: 21/21 MP: 1/1
     6 | D:1      | XOM: potion effect (brilliance)
   128 | D:1      | XOM: silly message
   134 | D:1      | Reached XP level 2. HP: 28/28 MP: 2/2
   318 | D:1      | XOM: silly message
   390 | D:1      | XOM: silly message
   488 | D:2      | XOM: silly message
   665 | D:2      | Reached skill level 4 in Fighting
   728 | D:2      | XOM: divination: detect creatures
   816 | D:2      | Reached XP level 3. HP: 36/36 MP: 3/3
   949 | D:3      | XOM: noise
   983 | D:3      | XOM: cloud trail
  1067 | D:3      | Reached XP level 4. HP: 45/45 MP: 4/4
  1069 | D:3      | XOM: divination: magic mapping
  1113 | D:3      | XOM: divination: detect creatures
  1118 | D:3      | Learned a level 3 spell: Summon Ice Beast
  1183 | D:3      | XOM: silly message
  1266 | D:3      | Found a basalt altar of Yredelemnul.
  1266 | D:3      | Found an opulent altar of Gozag.
  1283 | D:3      | Reached skill level 5 in Fighting
  1487 | D:3      | XOM: divination: detect creatures
  1604 | D:4      | XOM: potion effect (might)
  1608 | D:4      | XOM: divination: detect items
  1612 | D:4      | Reached skill level 1 in Summonings
  1612 | D:4      | Reached skill level 1 in Ice Magic
  1612 | D:4      | Reached XP level 5. HP: 49/52 MP: 5/5
  1713 | D:4      | Noticed a phantom
  1715 | D:4      | XOM: destruction
  1718 | D:4      | XOM: summons 3 hostile demons
  1719 | D:4      | Noticed a chaos spawn
  1735 | D:4      | HP: 2/78 [poisoned by a chaos spawn]
  1736 | D:4      | Succumbed to a chaos spawn's poison

Illustrated notes

Levels and vault maps discovered:
D:1:      dpeg_arrival_boxorama, layout_rooms
D:2:      layout_rooms
D:3:      layout_rooms, nicolae_overflow_two_pavilions, minmay_strange_pillars,
          st_stairs_2, minmay_gold_behind_fungi, minmay_quantized
D:4:      layout_loops_cross, nicolae_stop_n_shop_2

Skill      XL: |  1  2  3  4 |
---------------+-------------+-----
Fighting       | 4 5 |  5.0
Summonings     | 1 |  1.1
Ice Magic      | 1 |  1.7
Polearms       | |  3.0
Armour         | |  1.5
Dodging        | |  0.7

Action                     |  1- 3 |  4- 6 || total
---------------------------+-------+-------++-------
  Melee: Spear             |   104 |    77 ||   181
         Punch             |     1 |       ||     1
   Cast: Summon Ice Beast  |       |     1 ||     1
Ability: Spit Poison       |     2 |     4 ||     6
    Use: Scroll            |     4 |     1 ||     5
         Potion            |       |     4 ||     4
   Stab: Sleeping          |     1 |       ||     1
         Paralysed         |     1 |       ||     1
 Armour: Leather armour    |    70 |    58 ||   128
  Dodge: Dodged            |    46 |    30 ||    76
